 Dungeon Crawl Stone Soup version 0.29-a0-320-g9f8742066b (webtiles) character file.

Game seed: 3458253159039882057

28 sammy202020 the Skirmisher (level 2, 0/36 HPs)
             Began as a Demonspawn Berserker on Apr 2, 2022.
             Was a Follower of Trog.
             Slain by Sigmund
             ... wielding a +4 scythe of flaming
              (4 damage)
             ... on level 2 of the Dungeon.
             The game lasted 00:01:13 (1636 turns).

sammy202020 the Skirmisher (Demonspawn Berserker)   Turns: 1636, Time: 00:01:14

Health: 0/36       AC:  7    Str: 17    XL:     2   Next: 96%
Magic:  2/2        EV: 10    Int:  8    God:    Trog [*.....]
Gold:   38         SH:  0    Dex: 12    Spells: 1/1 levels left

rFire   . . .      SeeInvis .   a - +0 hand axe
rCold   . . .      Faith    .   (no shield)
rNeg    . . .      Spirit   .   e - +0 scale mail
rPois   .          Reflect  .   (no helmet)
rElec   .          Harm     .   (no cloak)
rCorr   .          Rampage  .   (no gloves)
Will    .....                   (no boots)
Stlth   ..........              (no amulet)
HPRegen 0.12/turn               (no ring)
MPRegen 0.08/turn               (no ring)

@: berserking (expiring), very quick
A: sharp scales 1
a: Renounce Religion, Berserk


You were on level 2 of the Dungeon.
You worshipped Trog.
Trog was aware of your devotion.
You visited 1 branch of the dungeon, and saw 2 of its levels.

You collected 38 gold pieces.

Inventory:

Hand Weapons
 a - a +0 hand axe (weapon)
Armour
 e - a +0 scale mail (worn)
Jewellery
 d - a ring of wizardry
Scrolls
 c - a scroll of identify {unknown}


   Skills:
 * Level 3.3 Fighting
 * Level 3.0 Axes
 * Level 2.2 Armour
 + Level 2.0 Dodging


You had one spell level left.
You didn't know any spells.
Your spell library was empty.

Dungeon Overview and Level Annotations

Branches:
Dungeon (2/15)

Altars:

Annotations:
D:2 Sigmund


Innate Abilities, Weirdness & Mutations

You are partially covered in razor-sharp scales. (AC +1, Slay +1)


Message History

You feel yourself moving faster!
You feel mighty!
You closely miss Sigmund. Sigmund casts a spell at you.
The puff of flame hits you.
You completely miss Sigmund. You barely miss Sigmund.
Sigmund hits you with a +4 scythe of flaming.
Sigmund burns you.
You closely miss Sigmund. You closely miss Sigmund.
Sigmund points at you and mumbles some strange words.
The magic dart hits you.
You barely miss Sigmund.
Sigmund hits you with a +4 scythe of flaming.
Sigmund burns you.
You slash Sigmund!
Sigmund is moderately wounded.
You closely miss the rat. The rat closely misses you.
You completely miss Sigmund.
Sigmund is moderately wounded.
You slash the rat!
You kill the rat!
Trog accepts your kill. Sigmund casts a spell at you.
You resist with significant effort.
You closely miss Sigmund.
Sigmund is moderately wounded.
Sigmund closely misses you.
You slash Sigmund!
Sigmund is almost dead.
You hit Sigmund.
Sigmund is almost dead.
Sigmund gestures wildly while chanting.
Sigmund flickers and vanishes!
Deactivating autopickup; reactivate with Ctrl-A.
You completely miss something. You closely miss something. Something hits you!
* * * LOW HITPOINT WARNING * * *
Something burns you.
You die...

##.## .. ...#.#
#.#
......###..#
......#...#
..........####.
# #...........
...###...<#
#.........#
.$.....@..#
##.<..{...#
##########


There were no monsters in sight!

Vanquished Creatures
  2 bats (D:1)
  3 endoplasms (D:1)
  6 goblins (D:1)
  2 hobgoblins (D:1)
  2 kobolds (D:1)
  2 quokkas (D:1)
  2 ball pythons (D:1)
  2 frilled lizards (D:1)
  3 rats
24 creatures vanquished.

Notes
Turn   | Place    | Note
-------+----------+-------------------------------------------
     0 | D:1      | sammy202020 the Demonspawn Berserker began the quest for
                  | the Orb.
     0 | D:1      | Reached XP level 1. HP: 18/18 MP: 1/1
   458 | D:1      | Gained mutation: You are partially covered in razor-sharp
                  | scales. (AC +1, Slay +1) [demonic ancestry]
   458 | D:1      | Reached XP level 2. HP: 24/24 MP: 2/2
  1620 | D:2      | Noticed Sigmund
  1636 | D:2      | Slain by Sigmund

Illustrated notes

Levels and vault maps discovered:
D:1:      saegor_arrival_simple_e, layout_basic
D:2:      layout_loops_ring, ebering_ecumenical_altar_mist, basic_altar,
          uniq_sigmund, uniq_terence

Skill      XL: |  1  2 |
---------------+-------+-----
Armour         | 2 |  2.2
Dodging        | 2 |  2.0
Axes           | 3 |  3.0
Fighting       | |  3.3

Action                   || total
-------------------------++-------
Melee: Hand axe          ||    73
Invok: Berserk           ||     2
Armor: Scale mail        ||    20
       Animal skin       ||     1
Dodge: Dodged            ||    31

Table legend: (Time is in decaauts)
 A = Elapsed time spent in this place.
 B = Non-inter-level travel time spent in this place.
 C = Inter-level travel time spent in this place.
 D = Time resting spent in this place.
 E = Time spent auto-exploring this place.
 F = Levels seen in this place.
 G = Mean time per level.
                   A        B        C        D        E       F      G
               +--------+--------+--------+--------+--------+-----+--------+
         Total |   1650 |   1536 |    114 |    287 |   1067 |   2 |  825.0 |
       Dungeon |   1650 |   1536 |    114 |    287 |   1067 |   2 |  825.0 |
               +--------+--------+--------+--------+--------+-----+--------+

Top non-repeatable levels by time:
     D:1: 1638 daAuts
     D:2: 12 daAuts
